AoeStats
← 河北彩花

Arabia

509054934Analyzed
4v4 RM · 8d ago on Sep 25, 2026· 21m 1s· 8 players
Game mode
Random Map
Map size
Large (8 player)
Population
200
Speed
Normal
Resources
Standard
Victory
Conquest
Starting age
Dark Age
Ending age
Imperial Age
RankedLock teamsTeams togetherTeam positionsShared explorationLock speedFull tech treeHidden civsTurbo modeCheats
Victory
Defeat
🇲🇴 Varangians · Macao SAR China
1153
+14
🇲🇽 Khmer · Mexico
1131
+15
🇲🇽 Mapuche · Mexico
1129
+15
🇩🇪 Magyars · Germany
1116
+17
🇦🇷 Ethiopians · Argentina
1128
-16
🇭🇰 Franks · Hong Kong SAR China
1126
-16
🇫🇷 Mongols · France
1113
-15
🇹🇼 Shu · Taiwan
1093
-14
Mr.Big
6:45 Loom
9:49 Feudal Age
14:05 Double-Bit Axe
H wont help
0:42 Loom
10:55 Feudal Age
11:22 Double-Bit Axe
18:31 Castle Age
CYJ8564
2:29 Loom
9:49 Feudal Age
bpaquereau
9:43 Feudal Age
10:29 Double-Bit Axe
12:04 Horse Collar
16:25 Bloodlines
Sonaron Disparos
7:56 Feudal Age
13:47 Forging
19:18 Castle Age
18:02 Scale Barding Armor
18:09 Bloodlines
19:30 Gold Mining
20:53 Iron Casting
20:56 Husbandry
21:07 Loom
b² - 4ac
7:19 Loom
10:07 Feudal Age
10:11 Champi Runner
19:04 Scale Mail Armor
20:57 Forging
河北彩花
1:14 Loom
10:29 Feudal Age
11:09 Double-Bit Axe
17:17 Castle Age
15:21 Horse Collar
16:47 Gold Mining
20:29 Wheelbarrow
King Stannis
8:13 Loom
10:49 Feudal Age
11:32 Double-Bit Axe
12:42 Horse Collar
19:07 Gold Mining
19:39 Scale Barding Armor
21:03 Bloodlines
Connection lost

Rejoining the realm…

Still unreachable

The connection could not be restored.

Session expired

The server has moved on; the page needs a fresh start.